 Dungeon Sprint DCSS version 0.31-a0-521-gc7390f8997 (webtiles) character file.

Game seed: 17736320372536767420

138 rocky1 the Protected (level 7, -3/71 HPs)
             Began as a Minotaur Fighter on Aug 11, 2023.
             Was an Initiate of Gozag.
             Slain by a red devil
             ... wielding a +0 trident
              (21 damage)
             ... in the Dungeon (Sprint VI: "Thunderdome").
             The game lasted 00:02:35 (620 turns).

rocky1 the Protected (Minotaur Fighter)              Turns: 620, Time: 00:02:35

Health: -3/71      AC:  9    Str: 22    XL:     7   Next: 98%
Magic:  6/6        EV: 11    Int:  5    God:    Gozag
Gold:   431        SH:  6    Dex: 10    Spells: 6/6 levels left

rFire   . . .        a - +0 war axe
rCold   . . .        c - +0 buckler
rNeg    . . .        b - +0 scale mail
rPois   .            (helmet restricted)
rElec   .            (no cloak)
rCorr   .            (no gloves)
SInv    .            (no boots)
Will    .....        (no amulet) Stlth
                     (no ring)
HPRegen 0.31/turn    (no ring)
MPRegen 0.10/turn

%: no teleportation
@: spiked, gold aura
A: horns 2, retaliatory headbutt
a: Renounce Religion, Potion Petition, Call Merchant, Bribe Branch


You were in the Dungeon.
You worshipped Gozag.
Gozag was aware of your devotion.
You visited 1 branch You collected 1156 gold pieces.
You paid 725 gold pieces to Gozag.

Inventory:

Hand Weapons
 a - a +0 war axe (weapon)
Missiles
 o - 4 poisoned darts
 p - a curare-tipped dart (quivered)
Armour
 b - a +0 scale mail (worn)
 c - a +0 buckler (worn)
Wands
 l - a wand of acid (5)
 m - a wand of iceblast (3)
Scrolls
 j - 4 scrolls of blinking
 n - 3 scrolls of fog
Potions
 d - a potion of might
 e - a potion of curing
 f - 3 potions of heal wounds
 g - 4 potions of haste
 h - 2 potions of magic
 i - a potion of berserk rage
 k - a potion of resistance


   Skills:
 + Level 9.6 Fighting
 + Level 11.7 Axes
 + Level 11.7 Armour
 + Level 3.7 Dodging
 + Level 9.6 Shields
 + Level 1.2 Evocations


You had 6 spell levels left.
You didn't know any spells.
Your spell library was empty.

Dungeon Overview and Level Annotations

Branches:
Dungeon (1/1)

Altars:
Cheibriados
Dithmenos
Fedhas
Gozag
Kikubaaqudgha
Makhleb
Okawaru
Qazlal
Ru
Sif Muna
Trog
Uskayaw
Vehumet
Wu Jian
Xom
Yredelemnul
Zin
The Shining One
Lugonu

Shops:
D *[=??*?*:[((!!!!


Innate Abilities, Weirdness & Mutations

You have a pair of horns on your head.
You reflexively headbutt those who attack you in melee.


Message History

An ice devil comes into view.
You hit the ice devil but do no damage. The ice devil completely misses you.
You furiously retaliate!
You headbutt the ice devil! You hit the ice devil but do no damage.
Your headbutt misses the ice devil.
The ice devil is moderately wounded.
The ice devil hits you but does no damage.
A red devil comes into view. It is wielding a +0 trident.
You closely miss the ice devil.
You headbutt the ice devil, but do no damage.
The ice devil is moderately wounded.
You barely miss the ice devil. Your headbutt misses the ice devil.
The ice devil is moderately wounded.
The ice devil hits you but does no damage.
You barely miss the ice devil.
You headbutt the ice devil, but do no damage.
The ice devil is moderately wounded.
The ice devil closely misses you. You furiously retaliate!
You headbutt the ice devil. You hit the ice devil.
The ice devil is moderately wounded.
The ice devil hits you! The ice devil freezes you!
You hit the ice devil but do no damage. Your headbutt misses the ice devil.
The ice devil is moderately wounded.
The ice devil hits you. The ice devil freezes you!
You slash the ice devil! Your headbutt misses the ice devil.
The ice devil is severely wounded.
You block the ice devil's attack.
You slash the ice devil!
You kill the ice devil!
Your Axes skill increases to level 11!
Unknown command.
You block the red devil's attack.
The red devil hits you with a +0 trident!
* * * LOW HITPOINT WARNING * * *
Barbed spikes become lodged in your body.
You slash the red devil!
The red devil is heavily wounded.
The red devil hits you with a +0 trident!!
You die...
Your body crumbles into a pile of gold.

#_......._# #_......._#
#_......._# ###[........###
#⌠...........⌠#
######.8.......$.8.######
##∩.__......###))...)___∩##
#∩........8.# #.8........∩###
............###4@...........##
.........###...###..........⌠#
)....)...# #.<.# #......)...⌠#
.........###...###......)...⌠#
........)...###......)).....##
#∩......[.8.# #.8........∩###
##∩___......###.....[___∩##
######.8.........8.######
#⌠...........⌠#


You could see a red devil.

Vanquished Creatures
  2 kobold demonologists (D)
  An ice devil (D)
  2 kobold brigands (D)
  Blork the orc (D)
  An orc priest (D)
  An orc wizard (D)
  8 orcs (D)
  2 kobolds (D)
18 creatures vanquished.

Notes
Turn   | Place    | Note
-------+----------+-------------------------------------------
     0 | D        | rocky1 the Minotaur Fighter began the quest for the Orb.
     0 | D        | Reached XP level 1. HP: 19/19 MP: 0/0
     3 | D        | Found a shimmering blue altar of Sif Muna.
     4 | D        | Found a snail-covered altar of Cheibriados.
     4 | D        | Found a radiant altar of Vehumet.
     5 | D        | Found an ancient bone altar of Kikubaaqudgha.
     5 | D        | Round 1.
     6 | D        | Found Juetuv's Timeless Talismans.
     6 | D        | Found a glowing golden altar of the Shining One.
     6 | D        | Found an iron altar of Okawaru.
     6 | D        | Found Ruill's Identification Station.
     7 | D        | Found Oga Xooz's Jewellery.
     7 | D        | Found Aweutepp's Advanced Armour.
    10 | D        | Found an opulent altar of Gozag.
    77 | D        | Noticed Blork the orc
    80 | D        | Killed Blork the orc
    81 | D        | Reached XP level 2. HP: 29/30 MP: 1/1
    81 | D        | Reached XP level 3. HP: 35/37 MP: 2/2
    81 | D        | Reached XP level 4. HP: 42/44 MP: 3/3
    82 | D        | Found Lupiaf's Premium Goods.
    84 | D        | Found a shimmering altar of Xom.
    84 | D        | Found an ornate altar of the Wu Jian Council.
    84 | D        | Found Xoicroac's Weapon Rack.
    85 | D        | Found Bonk's Miscellaneous Merchandise.
    85 | D        | Found Jeodwu Weil's Basic Armour.
    90 | D        | Became a worshipper of Gozag Ym Sagoz the Greedy
   110 | D        | Found a burning altar of Makhleb.
   111 | D        | Found Rodol's Magic Scroll Shop.
   112 | D        | Found Wommivacu's Magic Scroll Shop.
   112 | D        | Found Yliulu's Must-Have Magic.
   118 | D        | Arena points: 12 (+12) [x2]
   170 | D        | Round 2.
   177 | D        | Found a sacrificial altar of Ru.
   178 | D        | Found a corrupted altar of Lugonu.
   179 | D        | Found a blossoming altar of Fedhas.
   180 | D        | Found Dineab's Do-It-Yourself Clinic.
   180 | D        | Found a basalt altar of Yredelemnul.
   180 | D        | Found a hide-covered altar of Uskayaw.
   180 | D        | Found a glowing silver altar of Zin.
   180 | D        | Found Jitacaf's Distillery.
   181 | D        | Found Sudwiawo's Bottled Wisdom.
   181 | D        | Found Patikhas's Distillery.
   258 | D        | Arena points: 54 (+42) [x3]
   259 | D        | Reached XP level 5. HP: 50/52 MP: 4/4
   322 | D        | Round 3.
   323 | D        | Found a shadowy altar of Dithmenos.
   324 | D        | Found a stormy altar of Qazlal.
   325 | D        | Found a bloodstained altar of Trog.
   328 | D        | Found Focif's Staff Store.
   343 | D        | Noticed a kobold demonologist
   361 | D        | Killed a kobold demonologist
   362 | D        | Reached skill level 10 in Armour
   362 | D        | Reached XP level 6. HP: 49/62 MP: 5/5
   437 | D        | Noticed a kobold demonologist
   440 | D        | Noticed a red devil
   449 | D        | Killed a kobold demonologist
   450 | D        | Reached skill level 10 in Axes
   450 | D        | Reached skill level 1 in Evocations
   450 | D        | Reached XP level 7. HP: 50/70 MP: 6/6
   466 | D        | Arena points: 138 (+84) [x4]
   535 | D        | Round 4.
   604 | D        | Noticed an ice devil
   609 | D        | Noticed a red devil
   616 | D        | Killed an ice devil
   620 | D        | Slain by a red devil

Illustrated notes

Levels and vault maps discovered:
D:        arena_sprint

Skill      XL: |  1  2  3  4  5  6  7 |
---------------+----------------------+-----
Armour         | 6 8 10 11 | 11.7
Fighting       | 6 7 8 9 |  9.6
Shields        | 6 7 8 9 |  9.6
Axes           | 3 4 8 10 11 | 11.7
Dodging        | 2 3 |  3.7
Evocations     | 1 |  1.2

Action                     |  1- 3 |  4- 6 |  7- 9 || total
---------------------------+-------+-------+-------++-------
  Melee: War axe           |     6 |    38 |    14 ||    58
         Headbutt          |       |     8 |     2 ||    10
 Invoke: Potion Petition   |       |     1 |       ||     1
  Evoke: Wand              |     2 |       |       ||     2
    Use: Potion            |       |     1 |       ||     1
 Armour: Scale mail        |     3 |    32 |     2 ||    37
  Dodge: Dodged            |       |    26 |     3 ||    29
  Block: Buckler           |       |    12 |     2 ||    14

Table legend: (Time is in decaauts)
 A = Elapsed time spent in this place.
 B = Non-inter-level travel time spent in this place.
 C = Inter-level travel time spent in this place.
 D = Time resting spent in this place.
 E = Time spent auto-exploring this place.
 F = Levels seen in this place.
 G = Mean time per level.
                   A        B        C        D        E       F      G
               +--------+--------+--------+--------+--------+-----+--------+
         Total |    614 |    614 |      0 |    326 |      0 |   1 |  614.0 |
       Dungeon |    614 |    614 |      0 |    326 |      0 |   1 |  614.0 |
               +--------+--------+--------+--------+--------+-----+--------+

Top non-repeatable levels by time:
       D: 614 daAuts
